 Seeded DCSS version 0.31-a0-210-gccc998df9b (webtiles) character file.

Game seed: 17845999815334807412 (custom seed)

1281 rabbitsville the Fighter (level 8, -3/75 HPs)
             Began as a Hill Orc Fighter on June 30, 2023.
             Was an Initiate of Gozag.
             Slain by Maggie
             ... wielding a +0 heavy halberd
              (14 damage)
             ... on level 6 of the Dungeon.
             The game lasted 00:12:31 (5656 turns).

rabbitsville the Fighter (Hill Orc Fighter)         Turns: 5656, Time: 00:12:32

Health: -3/75      AC:  8    Str: 21    XL:     8   Next: 54%
Magic:  8/8        EV:  9    Int:  8    God:    Gozag
Gold:   536        SH:  5    Dex: 10    Spells: 7/7 levels left

rFire   . . .        a - +0 flail
rCold   + . .        c - +0 buckler
rNeg    . . .        b - +0 scale mail
rPois   .            j - +0 helmet
rElec   .            (no cloak)
rCorr   .            (no gloves)
SInv    +            (no boots)
Will    .....        (no amulet) Stlth
                     i - ring of protection from cold
HPRegen 0.32/turn    q - ring of see invisible
MPRegen 0.11/turn

%: no passive effects
@: gold aura
A: no striking features
a: Renounce Religion, Potion Petition, Call Merchant, Bribe Branch


You were on level 6 of the Dungeon.
You worshipped Gozag.
Gozag was pleased with you.
You visited 2 branches of the dungeon, and saw 7 of its levels.

You collected 599 gold pieces.
You paid 63 gold pieces to Gozag.

Inventory:

Hand Weapons
 a - a +0 flail (weapon)
Missiles
 g - 3 throwing nets
 m - 6 boomerangs
 v - 3 poisoned darts (quivered)
Armour
 b - a +0 scale mail (worn)
 c - a +0 buckler (worn)
 j - a +0 helmet (worn)
Jewellery
 i - a ring of protection from cold (left hand)
 o - a ring of fire
 q - a ring of see invisible (right hand)
Wands
 r - a wand of flame (9)
Scrolls
 d - 2 scrolls of teleportation {unknown}
 e - 2 scrolls of identify {unknown}
 h - a scroll of amnesia {unknown}
 l - a scroll of enchant armour {unknown}
 s - 2 scrolls of vulnerability {unknown}
 t - a scroll of fog {unknown}
 u - 2 scrolls of poison {unknown}
 y - a scroll of silence {unknown}
 A - a scroll of torment {unknown}
Potions
 f - a potion of curing
 k - a potion of lignification
 n - 3 potions of invisibility {unknown}
 p - 2 potions of haste {unknown}
 w - 2 potions of ambrosia {unknown}
 z - a potion of might


   Skills:
 * Level 8.4 Fighting
 * Level 7.3 Maces & Flails
 - Level 3.2 Armour
 + Level 5.9 Shields


You had 7 spell levels left.
You didn't know any spells.
Your spell library contained the following spells:

 Spells                   Type           Power      Damage    Failure   Level
 Lesser Beckoning         Tloc           0%         N/A       91%         2
 Static Discharge         Conj/Air       0%         2-2/arc   91%         2
 Dazzling Flash           Conj/Hex       0%         N/A       99%         3
 Gell's Gravitas          Tloc           0%         N/A       99%         3
 Ignite Poison            Fire/Tmut/Pois 0%         N/A       99%         3
 Teleport Other           Tloc           0%         N/A       99%         3
 Volatile Blastmotes      Fire/Tloc      0%         2d10      99%         3
 Airstrike                Air            0%         2d(0-16)  100%        4
 Iskenderun's Mystic Bla  Conj/Tloc      0%         2d3       100%        4
 Sticky Flame             Conj/Fire      0%         2d3       100%        4
 Summon Lightning Spire   Summ/Air       0%         N/A       100%        4
 Starburst                Conj/Fire      0%         6d3       100%        6
 Ignition                 Fire           0%         3d3       100%        8


Dungeon Overview and Level Annotations

Branches:
Dungeon (6/15)             Temple (1/1) D:4

Altars:
Ashenzari
Cheibriados
Dithmenos
Elyvilon
Fedhas
Gozag
Hepliaklqana
Kikubaaqudgha
Makhleb
Nemelex Xobeh
Okawaru
Qazlal
Ru
Sif Muna
Trog
Vehumet
Xom
Yredelemnul
Zin
The Shining One

Shops:
D:6 *

Annotations:
D:6 Maggie


Message History

Aim: Maggie, wielding a +0 heavy halberd, wearing +0 swamp dragon scales and carrying a wand of iceblast (2) (moderately wounded, poisoned, 64% to hit)
You throw a poisoned dart. The poisoned dart hits Maggie.
Maggie looks even sicker.
Maggie is moderately wounded.
You block Maggie's attack.
Throw: 6 darts (poison)
Press: ? - help, Q - select action, (/) - cycle Shift-Dir - straight line, f/p - Maggie
Aim: Maggie, wielding a +0 heavy halberd, wearing +0 swamp dragon scales and carrying a wand of iceblast (2) (moderately wounded, very poisoned, 64% to hit)
You throw a poisoned dart. The poisoned dart hits Maggie.
Maggie is moderately wounded.
Maggie hits you from afar with a +0 heavy halberd!
Throw: 5 darts (poison)
Press: ? - help, Q - select action, (/) - cycle Shift-Dir - straight line, f/p - Maggie
Aim: Maggie, wielding a +0 heavy halberd, wearing +0 swamp dragon scales and carrying a wand of iceblast (2) (moderately wounded, very poisoned, 64% to hit)
You throw a poisoned dart. The poisoned dart barely misses Maggie.
Throw: 4 darts (poison)
Press: ? - help, Q - select action, (/) - cycle Shift-Dir - straight line, f/p - Maggie
Aim: Maggie, wielding a +0 heavy halberd, wearing +0 swamp dragon scales and carrying a wand of iceblast (2) (moderately wounded, very poisoned, 64% to hit)
You throw a poisoned dart.
The poisoned dart completely misses Maggie.
Maggie gestures at you while chanting.
The bolt of fire misses the orc.
The bolt of fire hits you!!
You thump the orc!
You kill the orc!
Maggie hits you from afar with a +0 heavy halberd!
* * * LOW HITPOINT WARNING * * *
Maggie hits you with a +0 heavy halberd.
* * * LOW HITPOINT WARNING * * *
Items here: $ ( ) [.
You sock Maggie!
Maggie is heavily wounded.
You closely miss Maggie.
Maggie is heavily wounded.
Maggie is distracted by your dazzling golden aura.
You barely miss Maggie.
Maggie is no longer distracted by gold.
Maggie shouts!
Maggie is heavily wounded.
Maggie hits you with a +0 heavy halberd!
You die...
Your body crumbles into a pile of gold.

... .. .... #..
...#####.. #.......
#......# #......#
#......# #......########
... ..####'##@......# $
....#....#.....#.@.....#
....#....+.....#.......#
....#....#.....#.......#
....###..###...#.......#
#.....#..###...#.......#
#.....#........#....(.(#
#.....'........#.......#
#.....#........#


You could see Maggie (poisoned).

Vanquished Creatures
  Eustachio (D:6)
  Menkaure (D:6)
  A water moccasin (D:5)
  A black bear (D:6)
  An ice beast (D:5)
  5 scorpions
  A howler monkey (D:5)
  2 jellies
  A sleepcap (D:6)
  Jessica (D:2)
  2 orc wizards
  2 iguanas
  4 gnolls (D:4)
  7 adders
  A white imp (D:4)
  4 dart slugs
  8 orcs
  6 bats
  2 endoplasms
  5 giant cockroaches
  4 goblins
  4 hobgoblins
  9 jackals (D:1)
  2 quokkas (D:4)
  2 ball pythons
  4 frilled lizards
  7 kobolds
  2 rats (D:1)
90 creatures vanquished.

Notes
Turn   | Place    | Note
-------+----------+-------------------------------------------
     0 | D:1      | rabbitsville the Hill Orc Fighter began the quest for the
                  | Orb.
     0 | D:1      | Reached XP level 1. HP: 19/19 MP: 1/1
    94 | D:1      | Reached XP level 2. HP: 26/27 MP: 2/2
   183 | D:1      | Reached skill level 4 in Fighting
   421 | D:1      | Reached XP level 3. HP: 6/33 MP: 3/3
  1087 | D:2      | Noticed Jessica
  1094 | D:2      | Killed Jessica
  1095 | D:2      | Reached XP level 4. HP: 34/41 MP: 4/4
  1909 | D:3      | You fall into a shaft and drop 2 floors!
  1909 | D:5      | Entered Level 5 of the Dungeon
  1913 | D:5      | Noticed a scorpion
  1924 | D:5      | Killed a scorpion
  1925 | D:5      | Reached skill level 5 in Fighting
  1925 | D:5      | Reached XP level 5. HP: 36/48 MP: 5/5
  2000 | D:5      | Found a burning altar of Makhleb.
  2004 | D:5      | Found an opulent altar of Gozag.
  2006 | D:5      | Found a bloodstained altar of Trog.
  2008 | D:5      | Became a worshipper of Gozag Ym Sagoz the Greedy
  2009 | D:5      | Found a shimmering altar of Xom.
  2015 | D:5      | Found a snail-covered altar of Cheibriados.
  2016 | D:5      | Noticed an ice beast
  2037 | D:5      | Killed an ice beast
  2038 | D:5      | Reached XP level 6. HP: 38/57 MP: 6/6
  2196 | D:5      | Reached skill level 6 in Fighting
  2196 | D:5      | Reached skill level 5 in Maces & Flails
  2980 | D:4      | Reached XP level 7. HP: 21/64 MP: 7/7
  3442 | D:4      | Found a staircase to the Ecumenical Temple.
  3691 | D:4      | Reached skill level 5 in Shields
  3711 | Temple   | Entered the Ecumenical Temple
  4101 | D:5      | Reached skill level 7 in Fighting
  4604 | D:6      | Noticed Eustachio
  4750 | D:6      | Reached XP level 8. HP: 73/73 MP: 8/8
  4786 | D:6      | Found Costran's Mayhem Merchandise.
  5086 | D:6      | Killed Eustachio
  5087 | D:6      | Reached skill level 8 in Fighting
  5353 | D:6      | Noticed Menkaure
  5377 | D:6      | Killed Menkaure
  5639 | D:6      | Noticed Maggie
  5656 | D:6      | Slain by Maggie

Illustrated notes

Levels and vault maps discovered:
D:1:      lemuel_arrival_lava_pool, layout_basic
D:2:      layout_loops_corners, hangedman_glass_teeth, uniq_jessica
D:3:      layout_rooms
D:4:      layout_loops_ring, minmay_temple_entry_hall
D:5:      layout_cave_pools, nicolae_overflow_hallway_of_the_gods, fountainhead
D:6:      layout_gridville, minmay_shop_mayhem, uniq_eustachio, uniq_menkaure,
          uniq_maggie
Temple:   regret_index_temple_waves

Skill      XL: |  1  2  3  4  5  6  7  8 |
---------------+-------------------------+-----
Fighting       | 4 5 6 7 8 |  8.4
Maces & Flails | 3 4 5 6 7 |  7.3
Shields        | 4 5 |  5.9
Armour         | |  3.2

Action                     |  1- 3 |  4- 6 |  7- 9 || total
---------------------------+-------+-------+-------++-------
  Melee: Flail             |   108 |   103 |   153 ||   364
  Throw: Boomerang         |       |     1 |       ||     1
         Throwing net      |       |       |     5 ||     5
         Dart              |       |       |    11 ||    11
         Javelin           |       |       |     8 ||     8
    Use: Potion            |       |     1 |     3 ||     4
 Armour: Scale mail        |    45 |    47 |    99 ||   191
         Skin              |       |       |    23 ||    23
  Dodge: Dodged            |    97 |    39 |   110 ||   246
  Block: Buckler           |    38 |    27 |    69 ||   134

Table legend: (Time is in decaauts)
 A = Elapsed time spent in this place.
 B = Non-inter-level travel time spent in this place.
 C = Inter-level travel time spent in this place.
 D = Time resting spent in this place.
 E = Time spent auto-exploring this place.
 F = Levels seen in this place.
 G = Mean time per level.
                   A        B        C        D        E       F      G
               +--------+--------+--------+--------+--------+-----+--------+
         Total |   5737 |   5532 |    205 |    509 |   3431 |   7 |  819.6 |
       Dungeon |   5590 |   5442 |    148 |    509 |   3408 |   6 |  931.7 |
        Temple |    147 |     90 |     57 |      0 |     22 |   1 |  147.0 |
               +--------+--------+--------+--------+--------+-----+--------+

Top non-repeatable levels by time:
     D:6: 1289 daAuts
     D:4: 1119 daAuts
     D:1: 1096 daAuts
     D:2: 811 daAuts
     D:5: 807 daAuts
     D:3: 466 daAuts
  Temple: 147 daAuts
